 Dungeon Crawl Stone Soup version 0.30.0-19-g36f170ea60 (webtiles) character file.

Game seed: 6921790612034849054

2761 Diggabert the Thaumaturge (level 9, -2/50 HPs)
             Began as a Deep Elf Conjurer on May 30, 2023.
             Was a Follower of Vehumet.
             Slain by a hornet (11 damage)
             ... on level 8 of the Dungeon.
             The game lasted 00:26:29 (8329 turns).

Diggabert the Thaumaturge (Deep Elf Conjurer)       Turns: 8329, Time: 00:26:30

Health: -2/50      AC:  6    Str: 10    XL:     9   Next: 42%
Magic:  21/34      EV: 13    Int: 28    God:    Vehumet [*.....]
Gold:   367        SH:  6    Dex: 13    Spells: 6/28 levels left

rFire   + . .        r - staff of fire
rCold   . . .        I - +2 buckler
rNeg    . . .        a - +0 robe
rPois   .            k - +0 helmet
rElec   .            w - +0 cloak
rCorr   .            H - +0 pair of gloves
SInv    .            t - +0 pair of boots
Will    .....        (no amulet)
Stlth   ++           G - ring of magical power
HPRegen 0.28/turn    D - +6 ring of strength
MPRegen 0.24/turn

%: no passive effects
@: very slightly contaminated, slowed, very slow
A: no striking features
a: Renounce Religion


You were on level 8 of the Dungeon.
You worshipped Vehumet.
Vehumet was aware of your devotion.
You visited 2 branches of the dungeon, and saw 9 of its levels.
You also visited: Ossuary.

You collected 367 gold pieces.

Inventory:

Hand Weapons
 l - a +2 dagger of speed
 J - a +0 spear of flaming
Armour
 a - a +0 robe (worn)
 i - an orb of light
 k - a +0 helmet (worn)
 t - a +0 pair of boots (worn)
 u - a +0 ring mail of willpower
 w - a +0 cloak (worn)
 H - a +0 pair of gloves (worn)
 I - a +2 buckler (worn)
 L - a +1 chain mail of fire resistance
Magical Staves
 r - a staff of fire (weapon)
Jewellery
 D - a +6 ring of strength (right hand)
 G - a ring of magical power (left hand)
Wands
 p - a wand of charming (5)
 C - a wand of roots (8)
 M - a wand of light (4)
Scrolls
 c - 3 scrolls of blinking
 d - 2 scrolls of vulnerability
 e - a scroll of amnesia {unknown}
 h - 2 scrolls of teleportation
 j - 2 scrolls of immolation
 m - a scroll of fog {unknown}
 s - a scroll of silence {unknown}
 v - a scroll of enchant armour {unknown}
 y - a scroll of enchant weapon {unknown}
Potions
 b - a potion of magic
 f - 2 potions of berserk rage
 g - 6 potions of curing
 n - 2 potions of flight
 o - a potion of ambrosia
 q - 2 potions of attraction
 x - 4 potions of lignification
 z - a potion of resistance
 A - a potion of heal wounds
 B - 2 potions of haste
 E - a potion of cancellation {unknown}
 F - 2 potions of brilliance
 K - a potion of might {unknown}
 N - a potion of mutation {unknown}


   Skills:
 * Level 3.1 Fighting
 * Level 5.3 Dodging
 - Level 2.4 Stealth
 * Level 1.5 Shields
 * Level 10.0 Spellcasting
 * Level 9.7 Conjurations
 * Level 4.8 Hexes


You had 6 spell levels left.
You knew the following spells:

 Your Spells              Type           Power      Damage    Failure   Level
a - Magic Dart            Conj           100%       1d8       1%          1
b - Searing Ray           Conj           100%       2d8       1%          2
c - Dazzling Flash        Conj/Hex       100%       N/A       1%          3
d - Fulminant Prism       Conj/Hex       26%        3d13      2%          4
e - Iskenderun's Mystic   Conj/Tloc      41%        2d9       8%          4
f - Summon Small Mammal   Summ           56%        N/A       6%          1
g - Summon Guardian Gole  Hex/Summ       27%        N/A       6%          3
h - Cause Fear            Hex            20%        N/A       8%          4

Your spell library contained the following spells:

 Spells                   Type           Power      Damage    Failure   Level
 Foxfire                  Conj/Fire      100%       2x1d9     1%          1
 Call Canine Familiar     Summ           14%        N/A       17%         3
 Gell's Gravitas          Tloc           14%        N/A       17%         3
 Teleport Other           Tloc           14%        N/A       17%         3
 Anguish                  Hex/Necr       13%        N/A       22%         4
 Dispersal                Tloc           7%         N/A       100%        6
 Enfeeble                 Hex            20%        N/A       100%        7


Dungeon Overview and Level Annotations

Branches:
Dungeon (8/15)             Temple (1/1) D:6         Ossuary (visited)
   Lair: D:8-11

Altars:
Kikubaaqudgha
Makhleb
Qazlal
Sif Muna
Vehumet
Xom
Yredelemnul
Zin
The Shining One

Annotations:
D:7 Irreverend's ghost, novice DECj


Message History

Aim: a hornet (74% to hit)
The searing ray hits the hornet!
The hornet is moderately wounded. (Press . to maintain the ray.)
You block the hornet's attack.
Your fulminant prism crackles loudly.
The nameless horror hits you but does no damage.
Unknown command.
The searing ray hits the hornet.
The hornet is moderately wounded.
The hornet stings you!
You feel yourself slow down.
The nameless horror hits you but does no damage.
Your fulminant prism explodes!
The blast of energy engulfs your guardian golem!!
Your guardian golem is heavily damaged.
The blast of energy engulfs the nameless horror!!
You destroy the nameless horror!
That felt strangely unrewarding.
The blast of energy engulfs the hornet!
The hornet is severely wounded.
Your guardian golem disappears in a puff of smoke!
Unknown command.
Unknown command.
The searing ray hits the hornet!
The hornet is almost dead.
The hornet stings you.
You feel as though you will be slow longer.
The hornet stings you!
You suddenly lose the ability to move!
The hornet stings you!
* * * LOW HITPOINT WARNING * * *
You feel as though you will be slow longer.
The hornet stings you!
* * * LOW HITPOINT WARNING * * *
You are lethally poisoned!
You feel as though you will be slow longer.
You can move again.
Unknown command.
You feel better.
The hornet stings you but does no damage.
The hornet stings you!
You die...

#..........[....#
#................##.
.........#.........
..........[........
..................#
..................## .
...................# ..
#................y.###.
##.....##...#...@##..y#
##...†###...#.....#.##...
###(..........##....##...
##.......#.##..##........
....(.#..#.###.#.........
###(..##....###..........
#...##........##....###
#...##........# ..#.#
..............)..####


You could see a hornet.

Vanquished Creatures
  A steam dragon (D:7)
  2 water moccasins (D:5)
  2 orc warriors (D:7)
  2 sky beasts
  A black bear (D:6)
  A centaur (D:4)
  2 phantoms
  A kobold brigand (D:8)
  2 scorpions
  A bullfrog (D:7)
  3 water moccasin zombies (Ossuary)
  3 wights (D:6)
  8 killer bees
  A howler monkey (D:7)
  10 hounds
  An orc priest (D:7)
  A jelly (D:6)
  A sleepcap (D:6)
  2 orc wizards
  A nameless horror (D:8)
  2 mummies (Ossuary)
  Robin (D:2)
  9 adders
  4 gnolls (D:3)
  A white imp (D:7)
  An ufetubus (D:6)
  5 adder zombies (Ossuary)
  A worm (D:3)
  3 dart slugs
  24 orcs
  10 ball pythons
  3 bats (D:3)
  2 endoplasms
  14 goblins
  7 hobgoblins
  6 jackals (D:1)
  19 kobolds
  3 quokkas
  A frilled lizard (D:1)
  4 gnoll zombies (Ossuary)
  6 hobgoblin zombies (Ossuary)
  5 kobold zombies (Ossuary)
  9 orc zombies (Ossuary)
  2 rats (D:1)
188 creatures vanquished.

Vanquished Creatures (others)
  17 fulminant prisms
17 creatures vanquished.

Grand Total: 205 creatures vanquished

Notes
Turn   | Place    | Note
-------+----------+-------------------------------------------
     0 | D:1      | Diggabert the Deep Elf Conjurer began the quest for the
                  | Orb.
     0 | D:1      | Reached XP level 1. HP: 10/10 MP: 6/6
   227 | D:1      | Reached XP level 2. HP: 15/15 MP: 5/8
   395 | D:1      | Learned a level 2 spell: Searing Ray
   484 | D:1      | Reached skill level 5 in Conjurations
   719 | D:1      | Reached XP level 3. HP: 17/20 MP: 1/9
   723 | D:1      | Learned a level 3 spell: Dazzling Flash
  1205 | D:2      | Noticed Robin
  1309 | D:2      | Killed Robin
  1724 | D:2      | Reached skill level 1 in Fighting
  1724 | D:2      | Reached XP level 4. HP: 25/25 MP: 4/11
  2216 | D:3      | Reached skill level 1 in Hexes
  2221 | D:3      | Learned a level 4 spell: Fulminant Prism
  2510 | D:3      | Reached XP level 5. HP: 29/29 MP: 5/12
  2681 | D:4      | Reached skill level 4 in Spellcasting
  2681 | D:4      | Found a sand-covered staircase.
  2723 | Ossuary  | Entered an ossuary
  3022 | Ossuary  | Reached skill level 5 in Spellcasting
  3022 | Ossuary  | Reached XP level 6. HP: 33/34 MP: 4/15
  3028 | Ossuary  | Learned a level 4 spell: Iskenderun's Mystic Blast
  3600 | D:4      | Reached XP level 7. HP: 39/39 MP: 12/17
  3914 | D:4      | Reached skill level 6 in Spellcasting
  4326 | D:5      | Entered Level 5 of the Dungeon
  4689 | D:5      | Identified the +6 ring mail of Claustrophobia {Int+7}
  4721 | D:5      | Reached skill level 7 in Spellcasting
  4759 | D:5      | Reached XP level 8. HP: 44/44 MP: 13/21
  4868 | D:5      | Found a shimmering blue altar of Sif Muna.
  5463 | D:6      | Found an ancient bone altar of Kikubaaqudgha.
  5573 | D:6      | Reached skill level 8 in Spellcasting
  5666 | D:6      | Learned a level 1 spell: Summon Small Mammal
  5670 | D:6      | Learned a level 3 spell: Summon Guardian Golem
  5675 | D:6      | Learned a level 4 spell: Cause Fear
  6299 | D:6      | Found a staircase to the Ecumenical Temple.
  6304 | Temple   | Entered the Ecumenical Temple
  6309 | Temple   | Became a worshipper of Vehumet
  6579 | D:7      | Noticed Irreverend's ghost (novice DECj)
  6579 | D:7      | Found a transporter.
  6584 | D:7      | Identified the +0 great mace of the Everdark {freeze, *Slow
                  | rF+++ Dex+4}
  6584 | D:7      | Noticed a two-headed ogre
  6634 | D:7      | Found a transporter.
  6712 | D:7      | Reached skill level 9 in Spellcasting
  6838 | D:7      | Reached XP level 9. HP: 43/49 MP: 22/24
  6908 | D:7      | Reached skill level 1 in Shields
  6938 | D:7      | Reached skill level 5 in Dodging
  7143 | D:7      | Found a stormy altar of Qazlal.
  7993 | D:8      | Reached * piety under Vehumet
  7993 | D:8      | Offered knowledge of Foxfire by Vehumet.
  8197 | D:8      | Reached skill level 10 in Spellcasting
  8327 | D:8      | Paralysed by a hornet for 2 turns
  8329 | D:8      | Slain by a hornet

Illustrated notes

Levels and vault maps discovered:
D:1:      dpeg_arrival_rooms_b, layout_basic
D:2:      layout_rooms, uniq_robin
D:3:      layout_basic
D:4:      layout_basic, enter_ossuary_1
D:5:      layout_basic, mainiacjoe_overflow_six_doors_small
D:6:      layout_cave_pods, nicolae_kikubaaqudgha_miasma_corner, temple_doors_e
D:7:      layout_basic, nicolae_qazlal_style_of_elements, gammafunk_ghost_smash
D:8:      layout_layer_cave
Temple:   compressed_dpeg_triangle_lava_temple

Skill      XL: |  1  2  3  4  5  6  7  8  9 |
---------------+----------------------------+-----
Conjurations   | 5 6 7 9 |  9.7
Fighting       | 1 2 3 |  3.1
Dodging        | 3 4 5 |  5.3
Hexes          | 1 2 3 4 |  4.8
Spellcasting   | 5 7 9 10 | 10.0
Shields        | 1 |  1.5
Stealth        | |  2.4

Action                     |  1- 3 |  4- 6 |  7- 9 || total
---------------------------+-------+-------+-------++-------
  Melee: Whip              |     8 |       |       ||     8
   Cast: Magic Dart        |    74 |    39 |    99 ||   212
         Searing Ray       |     9 |    32 |    47 ||    88
         Fulminant Prism   |       |       |    17 ||    17
         Summon Small Mamm |       |       |     1 ||     1
         Summon Guardian G |       |       |     5 ||     5
    Use: Scroll            |       |    11 |     4 ||    15
         Potion            |       |       |     1 ||     1
 Armour: Robe              |     4 |    12 |    13 ||    29
  Dodge: Dodged            |    23 |    28 |    35 ||    86
  Block: Buckler           |       |       |    12 ||    12
